 Dungeon Crawl Stone Soup version 0.28.0-45-g0d030f2227 (webtiles) character file.

Game seed: 1126021829931695146

2427 CryoSword the Vexing (level 9, -6/45 HPs)
             Began as a Vine Stalker Enchanter on Apr 18, 2022.
             Was an Initiate of Dithmenos.
             Mangled by Harold
             ... wielding a +2 hand axe of flaming
              (8 damage)
             ... on level 7 of the Dungeon.
             The game lasted 00:12:11 (7195 turns).

CryoSword the Vexing (Vine Stalker Enchanter)       Turns: 7195, Time: 00:12:12

Health: -6/45      AC:  7    Str: 11    XL:     9   Next: 48%
Magic:  0/17       EV: 12    Int: 25    God:    Dithmenos [......]
Gold:   130        SH:  0    Dex: 14    Spells: 7/18 levels left

rFire   . . .      SeeInvis +   n - +1 dagger (speed)
rCold   . . .      Faith    .   (no shield)
rNeg    . . .      Spirit   +   t - +2 robe of Viatug {Int+8 Dex-3}
rPois   .          Reflect  .   (no helmet)
rElec   .          Harm     .   b - +2 cloak of the Thief {*Fog Slay-2 SInv Stlth+}
rCorr   .          Rampage  .   (no gloves)
Will    +....                   (no boots)
Stlth   ++++......              (no amulet)
HPRegen 0.95/turn               (no ring)
MPRegen 0.15/turn               (no ring)

@: no status effects
A: fangs 3, regeneration 1, magic shield, antimagic bite, no potion heal 2
a: Renounce Religion


You were on level 7 of the Dungeon.
You worshipped Dithmenos.
Dithmenos was noncommittal.
You visited 2 branches of the dungeon, and saw 8 of its levels.

You collected 371 gold pieces.
You spent 241 gold pieces at shops.

Inventory:

Hand Weapons
 a - a +0 rapier
   (You found it on level 4 of the Dungeon)
 n - a +1 dagger of speed (weapon)
   (You took it off a goblin on level 2 of the Dungeon)
 w - a +2 dagger of venom
   (You took it off a kobold on level 1 of the Dungeon)
Armour
 b - the +2 cloak of the Thief (worn) {*Fog Slay-2 SInv Stlth+}
   (You bought it in a shop on level 4 of the Dungeon)

   It may release a thick cloud of smoke when the wearer is hurt.
   Slay:      It affects your accuracy & damage with ranged weapons and melee
   (-2).
   SInv:      It lets you see invisible.
   Stlth:     It makes you more stealthy.
 t - the +2 robe of Viatug (worn) {Int+8 Dex-3}
   (You found it on level 5 of the Dungeon)

   Int:       It affects your intelligence (+8).
   Dex:       It affects your dexterity (-3).
Scrolls
 d - a scroll of immolation {unknown}
 h - a scroll of enchant weapon {unknown}
 k - 3 scrolls of teleportation {@r4}
 r - a scroll of enchant armour {unknown}
 u - a scroll of holy word {unknown}
Potions
 c - a potion of invisibility
 f - a potion of might {unknown}
 g - a potion of mutation {unknown}
 i - a potion of flight {unknown}
 l - a potion of berserk rage {unknown}
 m - 4 potions of brilliance
 o - a potion of curing {@q1}
 p - a potion of ambrosia {unknown}
 q - a potion of resistance {unknown}
 s - a potion of attraction {unknown}


   Skills:
 + Level 3.8 Fighting
 * Level 5.9 Short Blades
 - Level 1.5 Dodging
 + Level 7.0 Stealth
 + Level 5.0 Spellcasting
 * Level 7.1 Hexes
 - Level 3.0 Ice Magic


You had 7 spell levels left.
You knew the following spells:

 Your Spells              Type           Power      Damage    Failure   Level
a - Ensorcelled Hibernat  Hex/Ice        62%        N/A       1%          2
b - Confusing Touch       Hex            41%        N/A       1%          3
c - Tukima's Dance        Hex            41%        N/A       1%          3
d - Dazzling Flash        Conj/Hex       48%        N/A       6%          3

Your spell library contained the following spells:

 Spells                   Type           Power      Damage    Failure   Level
 Animate Skeleton         Necr           12%        N/A       9%          1
 Apportation              Tloc           12%        N/A       9%          1
 Beastly Appendage        Tmut           12%        N/A       9%          1
 Shock                    Conj/Air       24%        1d4       9%          1
 Summon Small Mammal      Summ           24%        N/A       9%          1
 Passwall                 Tmut/Erth      5%         N/A       12%         2
 Wereblood                Tmut           6%         N/A       12%         2
 Ignite Poison            Fire/Tmut/Pois 6%         N/A       24%         3
 Mephitic Cloud           Conj/Pois/Air  6%         N/A       24%         3
 Spider Form              Tmut/Pois      6%         N/A       24%         3
 Swiftness                Air            6%         N/A       24%         3
 Airstrike                Air            3%         N/A       63%         4
 Freezing Cloud           Conj/Ice/Air   5%         6-21      83%         5


Dungeon Overview and Level Annotations

Branches:
Dungeon (7/15)             Temple (1/1) D:6

Altars:
Ashenzari
Cheibriados
Dithmenos
Elyvilon
Gozag
Hepliaklqana
Kikubaaqudgha
Okawaru
Qazlal
Ru
Trog
Uskayaw
Vehumet
Wu Jian
Yredelemnul
The Shining One

Shops:
D:1 [   D:4 [   D:5 (   D:6 [

Annotations:
D:4 exclusions: orc and 2 orc priests
D:6 2 transporters, Menkaure
D:7 Harold


Innate Abilities, Weirdness & Mutations

You have razor-sharp teeth.
Your natural rate of healing is unusually fast.
When hurt, damage is shared between your health and your magic reserves.
Your bite disrupts and absorbs the magic of your enemies.
Potions cannot restore your health.


Message History

There's a creature in the doorway!
Your hands begin to glow red.
The unseen horror hits you.
You close the door.
The unseen horror barely misses you.
You hit the unseen horror but do no damage.
The unseen horror closely misses you.
You hit the unseen horror but do no damage.
The unseen horror appears confused.
You bite the unseen horror. You drain its power.
You feel invigorated. The unseen horror hits you!
With a swish of your cloak, you release a cloud of fog.
The unseen horror barely misses you.
The unseen horror barely misses itself.
You hit the unseen horror but do no damage.
You catch the helpless unseen horror completely off-guard!
You puncture the unseen horror! The unseen horror barely misses you.
The unseen horror hits itself.
You strike the helpless unseen horror from behind!
You impale the unseen horror!!
You kill the unseen horror!
Dithmenos accepts your kill.
Your Hexes skill increases to level 7!
Found a stone staircase leading up.
A killer bee zombie comes into view.
The killer bee zombie moves out of view.
A centaur zombie comes into view.
There are monsters nearby!
There are monsters nearby!
The bullfrog hits you.
There is a stone staircase leading down here.
You hit the bullfrog but do no damage. You bite the bullfrog.
You drain its power.
You feel invigorated. The bullfrog hits you.
You barely miss the bullfrog. Your bite misses the bullfrog.
The bullfrog barely misses you.
You hit the bullfrog but do no damage. You closely miss the bullfrog.
You bite the bullfrog, but do no damage.
The bullfrog hits you but does no damage.
You closely miss the bullfrog. Your bite misses the bullfrog.
The bullfrog completely misses you.
You closely miss the bullfrog. Your bite misses the bullfrog.
The bullfrog completely misses you. The centaur zombie closely misses you.
The centaur zombie kicks you but does no damage.
You hit the bullfrog. Your bite misses the bullfrog. The bullfrog misses you.
You hit the bullfrog. Your bite misses the bullfrog.
The centaur zombie hits you but does no damage.
The centaur zombie kicks you but does no damage.
You hit the bullfrog. You bite the bullfrog. You drain its power.
You feel invigorated.
The bullfrog hits you but does no damage.
The centaur zombie hits you. The centaur zombie barely misses you.
Aim: a bullfrog (heavily wounded, chance to affect: 61%)
The bullfrog resists with significant effort.
The bullfrog closely misses you.
The centaur zombie hits you but does no damage.
The centaur zombie kicks you but does no damage.
Aim: a bullfrog (heavily wounded, chance to affect: 61%)
The bullfrog resists with significant effort.
The bullfrog hits you.
The centaur zombie hits you but does no damage.
The centaur zombie kicks you. The bullfrog misses you.
Aim: a bullfrog (heavily wounded, chance to affect: 61%)
The bullfrog resists with significant effort.
The bullfrog hits you but does no damage.
The centaur zombie closely misses you. x2
Aim: a bullfrog (heavily wounded, chance to affect: 61%)
The bullfrog looks drowsy...
The centaur zombie hits you but does no damage.
The centaur zombie closely misses you. The centaur zombie hits you.
The centaur zombie kicks you.
The helpless bullfrog fails to defend itself.
You spit the bullfrog like a pig!!!
You kill the bullfrog!
Dithmenos accepts your kill.
Your Stealth skill increases to level 7!
Your hands begin to glow red.
The centaur zombie closely misses you. The centaur zombie kicks you.
The centaur zombie closely misses you.
The centaur zombie completely misses you.
You hit the centaur zombie but do no damage.
The centaur zombie appears confused.
You catch the helpless centaur zombie completely off-guard!
You impale the centaur zombie!! You bite the centaur zombie!
You drain its power.
You feel invigorated.
You strike the helpless centaur zombie from behind!
You impale the centaur zombie!!
You destroy the centaur zombie!
Dithmenos accepts your kill.
Your Spellcasting skill increases to level 5!
There is a stone staircase leading down here.
You see here a bullfrog corpse.
There is a stone staircase leading up here.
You climb upwards.
Level annotation: 2 transporters, Menkaure
There is a stone staircase leading down here.
You start resting.
You climb downwards.
There is a stone staircase leading up here.
There is a stone staircase leading down here.
You see here a +0 mace.
Harold the Weathered comes into view.
He is wielding a +2 hand axe of flaming.
Harold shouts!
Harold drinks a potion.
Harold seems to speed up.
Harold throws a throwing net.
The throwing net hits you.
You become entangled in the net!
You see here a throwing net.
You struggle against the net.
You tear a large gash into the net.
You shred the net and break free! Harold barely misses you.
Okay, then.
The floor.
Unknown command.
Okay, then.
Okay, then.
Here: Harold, wielding a +2 hand axe of flaming, wearing a +0 scale mail and quivering a throwing net (fast)
The floor.
Okay, then.
Your hands begin to glow red.
Harold hits you with a +2 hand axe of flaming!
Harold burns you.
You hit Harold but do no damage.
Harold appears confused.
You bite Harold, but do no damage.
Harold hits you with a +2 hand axe of flaming!
With a swish of your cloak, you release a cloud of fog.
Harold burns you.
You strike the helpless Harold from behind!
You impale Harold!! You bite Harold.
Harold's magic leaks into the air.
You drain his magic.
You feel invigorated.
Harold hits you with a +2 hand axe of flaming.
* * * LOW HITPOINT WARNING * * *
With a swish of your cloak, you release a cloud of fog.
Harold burns you.
* * * LOW HITPOINT WARNING * * *
You hit Harold but do no damage. You bite Harold.
Harold's magic leaks into the air.
You drain his magic.
You feel invigorated.
You hit Harold but do no damage. You bite Harold.
Harold's magic leaks into the air.
You drain his magic.
You feel invigorated.
Harold shouts, "What's happening?!"
You hit Harold but do no damage. You bite Harold.
Harold's magic leaks into the air.
You drain his magic.
You feel invigorated.
Harold hits you with a +2 hand axe of flaming!
* * * LOW HITPOINT WARNING * * *
Harold burns you.
* * * LOW HITPOINT WARNING * * *
You hit Harold but do no damage. You hit Harold but do no damage.
You barely miss Harold. You bite Harold, but do no damage.
Harold hits you with a +2 hand axe of flaming!!
* * * LOW HITPOINT WARNING * * *
With a swish of your cloak, you release a cloud of fog.
Harold burns you!
You die...

###################
#@@§§§...)......... #.
#§############.#### #.
#§# #.# ##.## #.# #.#
#...# #.# #.# #.... ..#
#.# #..# ### #.####
#..################....#
#...)...............##.#


You could see Harold (fast, confused, magic disrupted).

Vanquished Creatures
  A gargoyle (D:7)
  An unseen horror (D:7)
  A wyvern (D:7)
  2 water moccasins
  4 ice beasts
  A necrophage (D:5)
  2 ogres (D:5)
  A phantom (D:6)
  2 bullfrogs (D:7)
  3 wights (D:7)
  2 howler monkeys
  3 bullfrog zombies
  2 centaur zombies
  A hound (D:5)
  A bullfrog skeleton (D:5)
  A centaur skeleton (D:7)
  A jelly (D:6)
  Jessica (D:3)
  An iguana (D:4)
  A killer bee zombie (D:6)
  A howler monkey skeleton (D:4)
  6 adders
  4 gnolls (D:4)
  A white imp (D:6)
  A dart slug (D:5)
  3 worms
  5 orcs
  3 endoplasms
  A giant cockroach (D:3)
  8 goblins
  4 hobgoblins
  A kobold (D:1)
  7 quokkas
  12 ball pythons
  5 bats
  2 frilled lizards
  8 rats
104 creatures vanquished.

Vanquished Creatures (collateral kills)
  An orc (D:7)
1 creature vanquished.

Grand Total: 105 creatures vanquished

Notes
Turn   | Place    | Note
-------+----------+-------------------------------------------
     0 | D:1      | CryoSword the Vine Stalker Enchanter began the quest for
                  | the Orb.
     0 | D:1      | Reached XP level 1. HP: 9/9 MP: 4/4
   291 | D:1      | Reached skill level 1 in Short Blades
   486 | D:1      | Found a faded altar of an unknown god.
   655 | D:1      | Reached XP level 2. HP: 12/13 MP: 6/6
   874 | D:1      | Found Exitetun's Antique Armour Shoppe.
  1378 | D:1      | Learned a level 2 spell: Ensorcelled Hibernation
  1681 | D:2      | Reached XP level 3. HP: 16/16 MP: 7/7
  2124 | D:2      | Gained mutation: Your natural rate of healing is unusually
                  | fast. [Vine Stalker growth]
  2124 | D:2      | Reached XP level 4. HP: 16/21 MP: 8/8
  2348 | D:3      | Reached skill level 1 in Fighting
  2454 | D:3      | Found a bloodstained altar of Trog.
  2520 | D:3      | Found a hide-covered altar of Uskayaw.
  2572 | D:3      | Noticed Jessica
  2578 | D:3      | Killed Jessica
  2753 | D:3      | Found a broken altar of Ashenzari.
  3258 | D:4      | Reached XP level 5. HP: 25/25 MP: 10/10
  3287 | D:4      | Reached skill level 1 in Ice Magic
  3412 | D:4      | Found an iron altar of Okawaru.
  3830 | D:4      | Found Sulih's Armour Shoppe.
  3911 | D:4      | Noticed an ogre
  4207 | D:5      | Entered Level 5 of the Dungeon
  4207 | D:5      | Noticed an ogre
  4211 | D:5      | Killed an ogre
  4212 | D:5      | Reached XP level 6. HP: 30/30 MP: 11/11
  4313 | D:5      | Identified the +7 trident of the Sky {drain, rElec rC+
                  | Str+4}
  4482 | D:5      | Identified the +2 robe of Viatug {Int+8 Dex-3}
  4603 | D:4      | Bought the +2 cloak of the Thief {*Fog Slay-2 SInv Stlth+}
                  | for 241 gold pieces
  4603 | D:4      | Found the +2 cloak of the Thief {*Fog Slay-2 SInv Stlth+}
  4700 | D:5      | Noticed a water moccasin
  4707 | D:5      | Killed a water moccasin
  4708 | D:5      | Reached XP level 7. HP: 30/34 MP: 7/12
  4867 | D:5      | Reached skill level 5 in Stealth
  5031 | D:5      | Reached skill level 5 in Hexes
  5140 | D:5      | Found Emi Ekida's Weapon Shoppe.
  5417 | D:6      | Found Awucaan's Antique Armour Shop.
  5420 | D:6      | Gained mutation: You have razor-sharp teeth. [Vine Stalker
                  | growth]
  5420 | D:6      | Reached XP level 8. HP: 39/39 MP: 14/14
  5476 | D:6      | Found a transporter.
  5476 | D:6      | Noticed a vampire
  5479 | D:6      | Found a transporter.
  5723 | D:6      | Learned a level 3 spell: Confusing Touch
  5727 | D:6      | Learned a level 3 spell: Tukima's Dance
  5731 | D:6      | Learned a level 3 spell: Dazzling Flash
  5814 | D:6      | Found a staircase to the Ecumenical Temple.
  5818 | Temple   | Entered the Ecumenical Temple
  5867 | Temple   | Became a worshipper of Dithmenos the Shadowed
  5923 | D:6      | Found an ancient bone altar of Kikubaaqudgha.
  5925 | D:6      | Noticed Menkaure
  5985 | D:6      | Found a basalt altar of Yredelemnul.
  6243 | D:7      | Noticed a wyvern
  6248 | D:7      | Killed a wyvern
  6426 | D:7      | Reached skill level 5 in Short Blades
  6439 | D:7      | Noticed a wraith
  6687 | D:7      | Noticed a gargoyle
  6720 | D:7      | Killed a gargoyle
  6721 | D:7      | Reached XP level 9. HP: 17/44 MP: 4/17
  6942 | D:7      | Noticed a kobold demonologist
  6943 | D:7      | Noticed an unseen horror
  6954 | D:7      | Killed an unseen horror
  7040 | D:7      | Reached skill level 5 in Spellcasting
  7179 | D:7      | Noticed Harold
  7195 | D:7      | HP: 2/45 [Harold/+2 hand axe of flaming (13)]
  7195 | D:7      | Mangled by Harold

Illustrated notes

Levels and vault maps discovered:
D:1:      dpeg_arrival_ratfight, layout_loops_corners,
          hellmonk_ecumenical_altar_pennies_from_heaven, serial_shops, shop,
          kennysheep_boxes
D:2:      layout_basic, minmay_misc_feat_chi, minmay_cut_off
D:3:      layout_loops_corners, evilmike_ruin_ashenzari,
          grunt_temple_overflow_open, roderic_lattice_a, uniq_jessica
D:4:      layout_loops_ring, amcnicky_altar_gilded, serial_forest,
          infiniplex_forest_clump_curved, infiniplex_forest_clump_small,
          infiniplex_forest_end_2, infiniplex_forest_lined_corner, serial_shops,
          shop
D:5:      layout_loops_ring, serial_shops, shop_fountains
D:6:      layout_rooms, gammafunk_temple_of_torment, minmay_temple_entry_grid,
          serial_shops, nicolae_take_the_stairs
D:7:      minmay_the_grid_octo_tiled_octocenter [minmay_the_grid_octo_odd_swirl,
          minmay_the_grid_octo_concentric, minmay_the_grid_octo_checkerflower,
          minmay_the_grid_octo_horde,
          minmay_the_grid_octo_prize_ultimate_mussel_roller,
          minmay_the_grid_square_5x5_mess, minmay_the_grid_square_5x5_six,
          minmay_the_grid_square_5x5_bite,
          minmay_the_grid_square_5x5_beaten_path], layout_loops_ring,
          led_sif_book, minivault_23, lightli_orcish_oven, uniq_harold
Temple:   eino_wide_crystal_templ

Skill      XL: |  1  2  3  4  5  6  7  8  9 |
---------------+----------------------------+-----
Short Blades   | 1 2 3 4 5 |  5.9
Stealth        | 4 5 6 7 |  7.0
Fighting       | 1 2 3 |  3.8
Hexes          | 4 5 6 7 |  7.1
Ice Magic      | 1 2 3 |  3.0
Spellcasting   | 3 4 5 |  5.0
Dodging        | |  1.5

Action                   |  1- 3 |  4- 6 |  7- 9 || total
-------------------------+-------+-------+-------++-------
Melee: Dagger            |    83 |    80 |   281 ||   444
       Bite              |    18 |    16 |   109 ||   143
       Rapier            |       |       |    33 ||    33
       Punch             |       |       |     4 ||     4
 Cast: Ensorcelled Hiber |     1 |     8 |    22 ||    31
       Confusing Touch   |       |       |    11 ||    11
  Use: Scroll            |       |     4 |     3 ||     7
       Potion            |       |       |     1 ||     1
 Stab: Sleeping          |    12 |    18 |    15 ||    45
       Confused          |       |       |    13 ||    13
Armor: Robe              |    15 |     6 |    91 ||   112
Dodge: Dodged            |    40 |    32 |   124 ||   196
